 Dungeon Crawl Stone Soup version 0.27.1-34-g3ba077fa99 (webtiles) character file.

Game seed: 3582993314981940019

60 Kraken2834 the Shield-Bearer (level 3, 0/34 HPs)
             Began as a Deep Dwarf Fighter on Jan 6, 2022.
             Was a Follower of the Shining One.
             Slain by Grinder (4 damage)
             ... while paralysed by Grinder
             ... on level 3 of the Dungeon.
             The game lasted 00:04:23 (1651 turns).

Kraken2834 the Shield-Bearer (Deep Dwarf Fighter)   Turns: 1651, Time: 00:04:23

Health: 0/34       AC:  6    Str: 20    XL:     3   Next: 80%
Magic:  3/3        EV:  2    Int:  8    God:    the Shining One [*.....]
Gold:   73         SH:  0    Dex: 12    Spells: 2/2 levels left

rFire    . . .     SeeInvis .   a - +0 war axe
rCold    . . .     Faith    .   c - +0 kite shield
rNeg     . . .     Spirit   .   b - +0 scale mail
rPois    .         Reflect  .   (no helmet)
rElec    .         Harm     .   (no cloak)
rCorr    .         Rampage  .   (no gloves)
Will     .....                  (no boots)
Stlth    ..........             (no amulet)
HPRegen  0.00/turn              (no ring)
MPRegen  0.08/turn              (no ring)

@: paralysed, glowing
A: damage resistance, heal wounds, sense surroundings 1, no regeneration
a: Heal Wounds, Renounce Religion


You were on level 3 of the Dungeon.
You worshipped the Shining One.
The Shining One was aware of your devotion.
You visited 1 branch of the dungeon, and saw 3 of its levels.

You collected 73 gold pieces.

Inventory:

Hand Weapons
 a - a +0 war axe (weapon)
Armour
 b - a +0 scale mail (worn)
 c - a +0 kite shield (worn)
Jewellery
 h - an amulet of magic regeneration
Scrolls
 e - a scroll of immolation {unknown}
 f - 2 scrolls of enchant armour {unknown}
 i - 2 scrolls of teleportation {unknown}
 n - 2 scrolls of fear {unknown}
 o - a scroll of identify {unknown}
Potions
 d - a potion of might
 g - a potion of haste {unknown}
 j - 2 potions of lignification {unknown}
 k - a potion of degeneration {unknown}
 l - a potion of brilliance {unknown}
 m - a potion of attraction {unknown}
 p - 2 potions of curing {unknown}


   Skills:
 * Level 3.2 Fighting
 + Level 3.0 Axes
 + Level 3.6 Armour
 + Level 4.0 Shields


You had 2 spell levels left.
You didn't know any spells.
Your spell library contained the following spells:

 Spells                   Type           Power      Damage    Failure   Level
 Gell's Gravitas          Tloc           0%         N/A       100%        3
 Teleport Other           Tloc           0%         N/A       100%        3
 Dispersal                Tloc           0%         N/A       100%        6


Dungeon Overview and Level Annotations

Branches:
Dungeon (3/15)

Altars:
Uskayaw
The Shining One

Annotations:
D:3 Grinder


Innate Abilities, Weirdness & Mutations

You are resistant to damage.
You can heal yourself by infusing magical energy.
You passively map a small area around you.
You do not regenerate.


Message History

You closely miss the jackal. You hit the giant cockroach.
You kill the giant cockroach!
You block the jackal's attack.
Grinder blinks!
You block the jackal's attack.
Unknown command.
You barely miss the jackal. The jackal barely misses you.
You block the jackal's attack.
You slash the jackal!
You kill the jackal!
Your Shields skill increases to level 4!
You hit the endoplasm but do no damage. The endoplasm freezes you.
You are frozen.
Grinder blinks!
The endoplasm freezes you.
You are frozen.
A hobgoblin comes into view.
You slash the endoplasm!
You kill the endoplasm!
Grinder blinks!
You hit Grinder.
Grinder is lightly wounded.
Grinder says, "At least Makhleb appreciates what I'm doing."
Grinder hits you.
* * * LOW HITPOINT WARNING * * *
You writhe in agony.
* * * LOW HITPOINT WARNING * * *
The hobgoblin hits you but does no damage.
Grinder says, "You look like you could use a good racking."
Grinder hits you but does no damage.
You slash Grinder!
Grinder is moderately wounded.
You barely miss the hobgoblin. The hobgoblin barely misses you.
Grinder gestures at you.
You suddenly lose the ability to move!
The hobgoblin hits you but does no damage.
Grinder hits you.
You writhe in agony.
* * * LOW HITPOINT WARNING * * *
The hobgoblin barely misses you. Grinder hits you.
* * * LOW HITPOINT WARNING * * *
You writhe in agony.
You die...

** , , , * * * *
. , * * , .. * *
* ... , * ,
...., #### * ##
....!###..# ...
, ,
......g)..#,#:_.
* * ,
#@5.#....., ,
##†....... *+
#.....8.8 , , ,
#.#......, , *
#...8.... ,
*#........ ,* *
....8.... *
*###...... , * *
...8.8


You could see Grinder and a hobgoblin.

Vanquished Creatures
  An ufetubus (D:2)
  A worm (D:2)
  A dart slug (D:1)
  4 bats
  8 endoplasms
  3 giant cockroaches
  3 goblins
  3 hobgoblins
  6 jackals
  A quokka (D:2)
  5 ball pythons
  4 frilled lizards
  A kobold (D:1)
  2 rats
43 creatures vanquished.

Notes
Turn   | Place    | Note
-------+----------+-------------------------------------------
     0 | D:1      | Kraken2834 the Deep Dwarf Fighter began the quest for the
                  | Orb.
     0 | D:1      | Reached XP level 1. HP: 20/20 MP: 1/1
   138 | D:1      | Reached XP level 2. HP: 24/27 MP: 2/2
   774 | D:1      | Found a faded altar of an unknown god.
   781 | D:1      | Became a worshipper of the Shining One
   781 | D:1      | Reached * piety under the Shining One
   956 | D:2      | Reached XP level 3. HP: 24/34 MP: 3/3
  1634 | D:3      | Found a hide-covered altar of Uskayaw.
  1637 | D:3      | Noticed Grinder
  1646 | D:3      | Reached skill level 4 in Shields
  1649 | D:3      | Paralysed by Grinder for 4 turns
  1651 | D:3      | Slain by Grinder

Illustrated notes

Levels and vault maps discovered:
D:1:      lemuel_arrival_river_ford, layout_basic,
          shapermc_ecumenical_altar_mp_vishouse
D:2:      layout_loops_ring, minmay_ruptured
D:3:      layout_basic, nicolae_uskayaw_dance_hall, uniq_grinder

Skill      XL: |  1  2  3 |
---------------+----------+-----
Fighting       | 3 |  3.2
Axes           | 3 |  3.0
Shields        | 4 |  4.0
Armour         | |  3.6

Action                   || total
-------------------------++-------
Melee: War axe           ||    96
 Abil: Heal Wounds       ||     1
Armor: Scale mail        ||    43
Dodge: Dodged            ||    28
Block: Kite shield       ||    53
